 Dungeon Crawl Stone Soup version 0.24.1-4-ge52af88ad5 (webtiles) character file.

Game seed: 980526393167668034, levelgen mode: deterministic

555 nightchill the Slasher (level 7, -17/38 HPs)
             Began as a Vine Stalker Fighter on Apr 15, 2020.
             Was a Believer of Uskayaw.
             Demolished by an ogre
             ... wielding a +0 giant club
              (22 damage)
             ... on level 4 of the Dungeon.
             The game lasted 00:10:52 (3778 turns).

nightchill the Slasher (Vine Stalker Fighter)       Turns: 3778, Time: 00:10:52

Health: -17/38     AC:  6    Str: 21    XL:     7   Next: 30%
Magic:  0/8        EV:  7    Int:  8    God:    Uskayaw [**....]
Gold:   162        SH:  9    Dex: 13    Spells: 6/6 levels left

rFire    . . .     SeeInvis .   a - +0 long sword
rCold    . . .     Gourm    .   c - +0 shield
rNeg     . . .     Faith    .   b - +0 scale mail
rPois    .         Spirit   +   (no helmet)
rElec    .         Reflect  .   (no cloak)
rCorr    .         Harm     .   (no gloves)
MR       .....                  (no boots)
Stlth    ..........             (no amulet)
HPRegen  0.52/turn              (no ring)
MPRegen  0.11/turn              (no ring)

@: no status effects
A: fangs 2, regeneration 1, magic shield, antimagic bite, no potion heal 3, rot
immunity
a: Stomp, Line Pass, Renounce Religion


You were on level 4 of the Dungeon.
You worshipped Uskayaw.
Uskayaw was noncommittal.
You were very hungry.

You visited 2 branches of the dungeon, and saw 5 of its levels.
You also visited: Sewer.

You collected 162 gold pieces.

Inventory:

Hand Weapons
 a - a +0 long sword (weapon)
 m - a cursed -3 short sword
 r - a +0 hand crossbow
Missiles
 e - 96 stones (quivered)
 h - 16 sling bullets
Armour
 b - a +0 scale mail (worn)
 c - a +0 shield (worn)
 n - a +0 scale mail
Scrolls
 i - 6 scrolls of identify {unknown}
 o - a scroll of enchant armour {unknown}
 p - 2 scrolls of teleportation {unknown}
 q - a scroll of enchant weapon {unknown}
Potions
 d - 3 potions of might
 g - 8 potions of curing {unknown}
 j - 6 potions of heal wounds {unknown}
 k - a potion of invisibility {unknown}
 l - a potion of mutation {unknown}
 s - a potion of flight {unknown}
 t - 2 potions of agility {unknown}
 u - 2 potions of brilliance {unknown}


   Skills:
 + Level 4.7 Fighting
 * Level 5.8 Long Blades
 - Level 2.4 Armour
 - Level 2.6 Shields
 + Level 1.0 Invocations


You had 6 spell levels left.
You didn't know any spells.
Your spell library contained the following spells:

 Spells                   Type           Power        Failure   Level  Hunger
 Confusing Touch          Hex            #.....       99%         1    ##.....
 Confuse                  Hex            #.......     100%        3    ####...
 Gell's Gravitas          Tloc           #.........   100%        3    ####...
 Petrify                  Tmut/Erth      #.......     100%        4    #####..
 Metabolic Englaciation   Hex/Ice        #.........   100%        5    ######.
 Yara's Violent Unravell  Hex/Tmut       #.........   100%        5    ######.


Dungeon Overview and Level Annotations

Branches:
Dungeon (4/15)             Temple (1/1) D:4           Sewer (visited)

Altars:
Ashenzari
Cheibriados
Dithmenos
Elyvilon
Hepliaklqana
Nemelex Xobeh
Okawaru
Qazlal
Ru
Sif Muna
Trog
Uskayaw
Vehumet
Wu Jian
Xom
Yredelemnul
Zin
The Shining One


Innate Abilities, Weirdness & Mutations

You have extremely sharp teeth.
Your natural rate of healing is unusually fast.
When hurt, damage is shared between your health and your magic reserves.
Your bite disrupts and absorbs the magic of your enemies.
Potions cannot restore your health.
You are immune to rotting.


Message History

The adder bites you but does no damage.
You slash the adder!
You kill the adder!
Your Invocations skill increases to level 1!
You hit the ogre. Your bite misses the ogre.
The ogre is moderately wounded.
The ogre closely misses you.
You slash the ogre! Your bite misses the ogre.
The ogre is severely wounded.
You block the ogre's attack.
You can now pass through a line of other dancers.
You barely miss the ogre. Your bite misses the ogre.
The ogre is severely wounded.
The ogre hits you with a +0 giant club!
* * * LOW HITPOINT WARNING * * *
You hit the ogre. Your bite misses the ogre.
The ogre is severely wounded.
The ogre hits you with a +0 giant club!!
Ouch! That really hurt!
You die...

#...#.. ###..##.###.........#
.......#######.#..###.........#
...............)......⌠.......##.
..........###..##.###.........##.
#.......................>.⌠...##.
=...#.........#######.........##.
.#.....#......# #.⌠.........#
(......%......##### #............
..#.........#..O@.###............
.......##..######................
.......##.######.............8...
..!....!...##.......#........>.#.
.......###>##................8.#>
.....?.# .#..............<....#.
.......# ..........#..........#.
##!.#### ..........############.
... .##.......### ##


You could see an ogre.

Vanquished Creatures
  An ogre (D:4)
  2 big kobolds (Sewer)
  A howler monkey (D:3)
  Terence (D:2)
  A worker ant (D:4)
  4 gnolls (D:3)
  8 adders
  3 river rats (D:3)
  2 oozes (Sewer)
  3 worms
  5 dart slugs (D:1)
  3 leopard geckos
  3 giant cockroaches
  6 goblins
  5 hobgoblins
  2 quokkas (D:2)
  6 ball pythons
  7 bats
  8 frilled lizards
  A jackal zombie (D:3)
  18 kobolds
  10 rats
100 creatures vanquished.

Vanquished Creatures (others)
  A plant (Sewer)
1 creature vanquished.

Grand Total: 101 creatures vanquished

Notes
Turn   | Place    | Note
-------+----------+-------------------------------------------
     0 | D:1      | nightchill the Vine Stalker Fighter began the quest for the
                  | Orb.
     0 | D:1      | Reached XP level 1. HP: 11/11 MP: 2/2
   109 | D:1      | Reached skill level 2 in Long Blades
   317 | D:1      | Reached XP level 2. HP: 16/16 MP: 3/3
   698 | D:1      | Reached XP level 3. HP: 19/20 MP: 2/4
  1253 | D:2      | Found a faded altar of an unknown god.
  1285 | D:2      | Reached skill level 3 in Long Blades
  1625 | D:2      | Gained mutation: Your natural rate of healing is unusually
                  | fast. [Vine Stalker growth]
  1625 | D:2      | Reached XP level 4. HP: 17/24 MP: 3/5
  1800 | D:2      | Noticed Terence
  1809 | D:2      | Killed Terence
  2247 | D:3      | Reached XP level 5. HP: 11/28 MP: 3/6
  2356 | D:3      | Reached skill level 4 in Long Blades
  2545 | D:3      | Found a sparkling altar of Nemelex Xobeh.
  2591 | D:3      | Reached XP level 6. HP: 15/33 MP: 4/7
  2754 | D:3      | Found a glowing drain.
  2768 | Sewer    | Entered a sewer
  3054 | Sewer    | Reached skill level 5 in Long Blades
  3084 | Sewer    | Reached XP level 7. HP: 37/38 MP: 6/8
  3413 | D:4      | Found a staircase to the Ecumenical Temple.
  3443 | Temple   | Entered the Ecumenical Temple
  3520 | Temple   | Became a worshipper of Uskayaw the Reveler
  3625 | D:4      | Reached * piety under Uskayaw
  3630 | D:4      | Reached ** piety under Uskayaw
  3654 | D:4      | Found a hazy altar of Hepliaklqana.
  3774 | D:4      | Reached skill level 1 in Invocations
  3778 | D:4      | Demolished by an ogre

Levels and vault maps discovered:
D:1:      elethiomel_arrival_maze, layout_loops_ring, st_stairs_5
D:2:      layout_basic, first_ration, chequers_ecumenical_altar_island,
          minmay_misc_feat_alley, kennysheep_pointless_box, uniq_terence
D:3:      layout_rooms, nemelex_xobeh_ov_fountains_minmay, portal_sewer_entry_e,
          minmay_misc_feat_x
D:4:      layout_rooms, grunt_gozag_statues, marbit_many_paths, temple_statues,
          grunt_ministairs_1, minmay_misc_feat_more_columns,
          kennysheep_generic_room_7, uniq_sigmund
Temple:   eino_temple_scatter_basement

Skill      XL: |  1  2  3  4  5  6  7 |
---------------+----------------------+-----
Long Blades    | 2 3 4 5 |  5.8
Fighting       | 3 4 |  4.7
Invocations    | 1 |  1.0
Armour         | |  2.4
Shields        | |  2.6

Action                   |  1- 3 |  4- 6 |  7- 9 || total
-------------------------+-------+-------+-------++-------
Melee: Long sword        |    75 |   228 |    50 ||   353
       Bite              |    16 |    52 |    14 ||    82
Throw: Stone             |       |       |     1 ||     1
  Eat: Chunk             |     1 |     6 |     2 ||     9
Armor: Scale mail        |    17 |    81 |    14 ||   112
Dodge: Dodged            |    17 |    63 |    12 ||    92
Block: Shield            |    36 |   123 |    20 ||   179
       Rpst.: Long sword |     7 |    23 |     2 ||    32
